MWL
WATERLOO HAWKS @ DECATUR COMMODORES
07/07/1982
 
TOP OF THE 1ST
Waterloo Hawks batting - Pitching for Decatur Commodores : RHP Rafael Vasquez
Pitching: RHP Rafael Vasquez
Batting: RHB Edward Irvine 0-0: SINGLE (Line Drive, 6D, EV 100.0 MPH)
Batting: RHB Mark Sheehy 0-0: Ball
Edward Irvine is caught stealing 2nd base 2-4
1-0: DOUBLE (Line Drive, 9LM, EV 111.9 MPH)
Batting: RHB Carmelo Aguayo 0-0: Ground out 3-1 (Groundball, 34, EV 97.5 MPH)
Mark Sheehy to third
Batting: RHB Jay Loviglio 0-0: Foul Ball, location: 2F
0-1: Swinging Strike
0-2: Ball
1-2: Strikes out swinging
Top of the 1st over - 0 runs, 2 hits, 0 errors, 1 left on base; Waterloo 0 - Decatur 0
BOTTOM OF THE 1ST
Decatur Commodores batting - Pitching for Waterloo Hawks : RHP Albert Arrieta
Pitching: RHP Albert Arrieta
Batting: LHB Alexis Marte 0-0: Ball
1-0: Swinging Strike
1-1: Ground out 4-3 (Groundball, 4, EV 78.1 MPH)
Batting: SHB Roger Holt 0-0: Called Strike
0-1: Foul Ball, location: 2F
0-2: Ground out 6-3 (Groundball, 6, EV 86.3 MPH)
Batting: SHB Daniel Wieser 0-0: Called Strike
0-1: Ground out 5-3 (Groundball, 56, EV 76.9 MPH)
Bottom of the 1st over - 0 runs, 0 hits, 0 errors, 0 left on base; Waterloo 0 - Decatur 0
TOP OF THE 2ND
Waterloo Hawks batting - Pitching for Decatur Commodores : RHP Rafael Vasquez
Batting: LHB Burk Goldthorn 0-0: Ball
1-0: Ball
2-0: Called Strike
2-1: Swinging Strike
2-2: Ball
3-2: Foul Ball, location: 2F
3-2: Foul Ball, location: 2F
3-2: Base on Balls
Batting: RHB Juan Baez 0-0: Foul Ball, location: 2F
0-1: Ball
1-1: Ball
2-1: Called Strike
2-2: Ball
3-2: Base on Balls
Burk Goldthorn to second
Batting: RHB Michael Williams 0-0: Ball
1-0: Ball
Wild Pitch!
Burk Goldthorn to third
Juan Baez to second
2-0: Ground out 6-3 (Groundball, 6, EV 104.4 MPH)
Burk Goldthorn scores
Batting: RHB Kean Rich 0-0: Ball
1-0: Foul Ball, location: 2F
1-1: Ball
2-1: Foul Ball, location: 2F
2-2: Strikes out swinging
Batting: RHB David Cusack 0-0: Called Strike
0-1: Ball
1-1: Ball
2-1: Ball
3-1: Foul Ball, location: 2F
3-2: Base on Balls
Batting: RHB Edward Irvine 0-0: Fielders Choice at 2nd, 5-4 (Groundball, 56, EV 80.0 MPH)
Top of the 2nd over - 1 run, 0 hits, 0 errors, 2 left on base; Waterloo 1 - Decatur 0
BOTTOM OF THE 2ND
Decatur Commodores batting - Pitching for Waterloo Hawks : RHP Albert Arrieta
Batting: LHB David Showalter 0-0: Ball
1-0: Foul Ball, location: 2F
1-1: Foul Ball, location: 2F
1-2: Fly out, F9 (Flyball, 9D, EV 88.8 MPH)
Batting: SHB Rondin Johnson 0-0: Swinging Strike
0-1: Ball
1-1: Ball
2-1: Ball
3-1: Ground out 4-3 (Groundball, 4, EV 106.3 MPH)
Batting: LHB Jerry Miller 0-0: Foul Ball, location: 2F
0-1: Foul Ball, location: 2F
0-2: Ball
1-2: Ground out 5-3 (Groundball, 56, EV 111.3 MPH)
Bottom of the 2nd over - 0 runs, 0 hits, 0 errors, 0 left on base; Waterloo 1 - Decatur 0
TOP OF THE 3RD
Waterloo Hawks batting - Pitching for Decatur Commodores : RHP Rafael Vasquez
Batting: RHB Mark Sheehy 0-0: Ball
1-0: Called Strike
1-1: Ball
2-1: Swinging Strike
2-2: Strikes out looking
Batting: RHB Carmelo Aguayo 0-0: Called Strike
0-1: Foul Ball, location: 2F
0-2: Ball
1-2: Ball
2-2: Ball
3-2: DOUBLE (Line Drive, 7LM, EV 110.0 MPH)
Batting: RHB Jay Loviglio 0-0: Ball
1-0: Called Strike
1-1: Ball
2-1: Ball
3-1: Foul Ball, location: 2F
3-2: Ground out 5-3 (Groundball, 56, EV 87.5 MPH)
Batting: LHB Burk Goldthorn 0-0: Ball
1-0: Ground out 6-3 (Groundball, P, EV 84.4 MPH)
Top of the 3rd over - 0 runs, 1 hit, 0 errors, 1 left on base; Waterloo 1 - Decatur 0
BOTTOM OF THE 3RD
Decatur Commodores batting - Pitching for Waterloo Hawks : RHP Albert Arrieta
Batting: RHB Clifton Wilder 0-0: Foul Ball, location: 2F
0-1: Foul Ball, location: 2F
0-2: Ground out 4-3 (Groundball, 4, EV 104.4 MPH)
Batting: LHB Samuel Taves 0-0: Ball
1-0: Swinging Strike
1-1: Ground out U3 (Groundball, 3L, EV 81.9 MPH)
Batting: RHB Rex Farrior 0-0: Ball
1-0: Ball
2-0: Foul Ball, location: 2F
2-1: Reached on error, E4 (Groundball, 4D, EV 88.8 MPH)
Batting: LHB Alexis Marte 0-0: Ball
1-0: Foul Ball, location: 2F
1-1: Foul Ball, location: 2F
1-2: Strikes out swinging
Bottom of the 3rd over - 0 runs, 0 hits, 1 error, 1 left on base; Waterloo 1 - Decatur 0
TOP OF THE 4TH
Waterloo Hawks batting - Pitching for Decatur Commodores : RHP Rafael Vasquez
Batting: RHB Juan Baez 0-0: Called Strike
0-1: Fly out, F7 (Flyball, 78S, EV 89.4 MPH)
Batting: RHB Michael Williams 0-0: Ball
1-0: Called Strike
1-1: Called Strike
1-2: Foul Ball, location: 2F
1-2: Ball
2-2: Foul Ball, location: 2F
2-2: Ball
3-2: Foul Ball, location: 2F
3-2: Foul Ball, location: 2F
3-2: Foul Ball, location: 2F
3-2: Strikes out looking
Batting: RHB Kean Rich 0-0: Called Strike
0-1: Foul Ball, location: 2F
0-2: Ball
1-2: SINGLE (Groundball, 56D, EV 97.5 MPH)
Batting: RHB David Cusack 0-0: Foul Ball, location: 2F
0-1: Ball
1-1: Ball
2-1: Swinging Strike
2-2: Ball
3-2: Base on Balls
Kean Rich to second
Batting: RHB Edward Irvine 0-0: Ball
1-0: Swinging Strike
1-1: Ball
2-1: Fielders Choice at 2nd, U4 (Groundball, 4M, EV 102.5 MPH)
Top of the 4th over - 0 runs, 1 hit, 0 errors, 2 left on base; Waterloo 1 - Decatur 0
BOTTOM OF THE 4TH
Decatur Commodores batting - Pitching for Waterloo Hawks : RHP Albert Arrieta
Batting: SHB Roger Holt 0-0: Ball
1-0: Ball
2-0: Ball
3-0: Base on Balls
Batting: SHB Daniel Wieser 0-0: Foul Ball, location: 2F
0-1: Foul Ball, location: 2F
0-2: Strikes out looking
Batting: LHB David Showalter 0-0: Ball
1-0: Ball
2-0: Ball
3-0: Base on Balls
Roger Holt to second
Batting: SHB Rondin Johnson Balk!
Roger Holt to third
David Showalter to second
0-0: Called Strike
0-1: Ball
1-1: Ball
2-1: Foul Ball, location: 2F
2-2: Ball
3-2: Foul Ball, location: 2F
3-2: Ground out 5-3 (Groundball, 5, EV 87.5 MPH)
Batting: LHB Jerry Miller 0-0: Ball
1-0: Swinging Strike
1-1: Ball
2-1: Foul Ball, location: 2F
2-2: Foul Ball, location: 2F
2-2: Strikes out swinging
Bottom of the 4th over - 0 runs, 0 hits, 0 errors, 2 left on base; Waterloo 1 - Decatur 0
TOP OF THE 5TH
Waterloo Hawks batting - Pitching for Decatur Commodores : RHP Rafael Vasquez
Batting: RHB Mark Sheehy 0-0: Ball
1-0: Called Strike
1-1: Ball
2-1: Foul Ball, location: 2F
2-2: Foul Ball, location: 2F
2-2: Strikes out swinging
Batting: RHB Carmelo Aguayo 0-0: DOUBLE (Groundball, 5L, EV 104.4 MPH)
Pitching: RHP Peyton Mosher
Batting: RHB Jay Loviglio 0-0: Foul Ball, location: 2F
0-1: Swinging Strike
0-2: Ball
1-2: Ball
2-2: Ball
3-2: Foul Ball, location: 2F
3-2: Foul Ball, location: 2F
3-2: Fly out, F5 (Popup, 5SF, EV 81.9 MPH)
Batting: LHB Burk Goldthorn 0-0: Foul Ball, location: 2F
0-1: DOUBLE (Groundball, 3L, EV 93.8 MPH)
Carmelo Aguayo scores
Batting: RHB Juan Baez 0-0: Called Strike
0-1: Foul Ball, location: 2F
0-2: Foul Ball, location: 2F
0-2: Ball
1-2: Ball
2-2: Foul Ball, location: 2F
2-2: Foul Ball, location: 2F
2-2: Strikes out swinging
Top of the 5th over - 1 run, 2 hits, 0 errors, 1 left on base; Waterloo 2 - Decatur 0
BOTTOM OF THE 5TH
Decatur Commodores batting - Pitching for Waterloo Hawks : RHP Albert Arrieta
Batting: RHB Clifton Wilder 0-0: Called Strike
0-1: Fly out, F8 (Line Drive, 8RD, EV 90.6 MPH)
Batting: LHB Samuel Taves 0-0: Foul Ball, location: 2F
0-1: Called Strike
0-2: Ball
1-2: Ball
2-2: Ball
3-2: Base on Balls
Batting: RHB Rex Farrior 0-0: Called Strike
0-1: Ball
1-1: Swinging Strike
1-2: Foul Ball, location: 2F
1-2: Ball
2-2: Foul Ball, location: 2F
2-2: Foul Ball, location: 2F
2-2: Ball
3-2: Foul Ball, location: 2F
3-2: Base on Balls
Samuel Taves to second
Batting: LHB Alexis Marte 0-0: Called Strike
0-1: Swinging Strike
0-2: Ball
1-2: Fielders Choice at 2nd, 3-6 (Groundball, 3S, EV 91.3 MPH)
Samuel Taves to third
Batting: SHB Roger Holt 0-0: Called Strike
0-1: TRIPLE (Flyball, 78XD, EV 92.5 MPH)
Samuel Taves scores
Alexis Marte scores
Batting: SHB Daniel Wieser 0-0: Called Strike
0-1: Fly out, F8 (Line Drive, 8LD, EV 88.1 MPH)
Bottom of the 5th over - 2 runs, 1 hit, 0 errors, 1 left on base; Waterloo 2 - Decatur 2
TOP OF THE 6TH
Waterloo Hawks batting - Pitching for Decatur Commodores : RHP Peyton Mosher
Batting: RHB Michael Williams 0-0: Ball
1-0: Ball
2-0: Called Strike
2-1: Ball
3-1: Base on Balls
Batting: RHB Kean Rich 0-0: Called Strike
Michael Williams is caught stealing 2nd base 2-4
0-1: Foul Ball, location: 2F
0-2: Strikes out swinging
Batting: RHB David Cusack 0-0: Called Strike
0-1: Ball
1-1: Foul Ball, location: 2F
1-2: Ball
2-2: Strikes out swinging
Top of the 6th over - 0 runs, 0 hits, 0 errors, 0 left on base; Waterloo 2 - Decatur 2
BOTTOM OF THE 6TH
Decatur Commodores batting - Pitching for Waterloo Hawks : RHP Albert Arrieta
Batting: LHB David Showalter 0-0: Fly out, F3 (Line Drive, 3, EV 68.8 MPH)
Batting: SHB Rondin Johnson 0-0: Swinging Strike
0-1: SINGLE (Flyball, 78S, EV 96.3 MPH)
Batting: LHB Jerry Miller 0-0: Foul Ball, location: 2F
0-1: Ball
1-1: Ball
2-1: Fly out, F8 (Flyball, 8LS, EV 88.8 MPH)
Batting: RHB Clifton Wilder 0-0: Ball
1-0: Called Strike
Rondin Johnson steals 2nd base (no throw)
1-1: Ground out 6-3 (Groundball, 6, EV 88.1 MPH)
Bottom of the 6th over - 0 runs, 1 hit, 0 errors, 1 left on base; Waterloo 2 - Decatur 2
TOP OF THE 7TH
Waterloo Hawks batting - Pitching for Decatur Commodores : RHP Peyton Mosher
Batting: RHB Edward Irvine 0-0: Ball
1-0: Called Strike
1-1: Called Strike
1-2: Strikes out swinging
Batting: RHB Mark Sheehy 0-0: Ball
1-0: Called Strike
1-1: Called Strike
1-2: Ball
2-2: Foul Ball, location: 2F
2-2: SINGLE (Line Drive, 78S, EV 106.9 MPH)
Batting: RHB Carmelo Aguayo 0-0: Ball
1-0: Fly out, F3 (Popup, 3SF, EV 72.5 MPH)
Batting: RHB Jay Loviglio 0-0: Ball
1-0: Called Strike
1-1: Foul Ball, location: 2F
1-2: Foul Ball, location: 2F
1-2: Ground out 2-3 (Groundball, 13S, EV 71.3 MPH)
Top of the 7th over - 0 runs, 1 hit, 0 errors, 1 left on base; Waterloo 2 - Decatur 2
BOTTOM OF THE 7TH
Decatur Commodores batting - Pitching for Waterloo Hawks : RHP Albert Arrieta
Batting: LHB Samuel Taves 0-0: Called Strike
0-1: Ball
1-1: Swinging Strike
1-2: Foul Ball, location: 2F
1-2: Ball
2-2: Ball
3-2: Base on Balls
Batting: RHB Rex Farrior 0-0: Bunt missed!
0-1: Bunted foul
0-2: Ball
1-2: Grounds into double play, 6-4-3 (Groundball, 6, EV 105.6 MPH)
Batting: LHB Alexis Marte 0-0: Called Strike
0-1: TRIPLE (Groundball, 3L, EV 101.3 MPH)
Batting: SHB Roger Holt 0-0: Ball
1-0: Called Strike
1-1: Fly out, F9 (Flyball, 9, EV 88.8 MPH)
Bottom of the 7th over - 0 runs, 1 hit, 0 errors, 1 left on base; Waterloo 2 - Decatur 2
TOP OF THE 8TH
Waterloo Hawks batting - Pitching for Decatur Commodores : RHP Peyton Mosher
Batting: LHB Burk Goldthorn 0-0: Called Strike
0-1: Ball
1-1: Ball
2-1: Ball
3-1: Called Strike
3-2: Base on Balls
Pitching: RHP Ty Hubbard
Batting: RHB Juan Baez 0-0: Called Strike
0-1: Ball
1-1: Swinging Strike
1-2: Foul Ball, location: 2F
1-2: Ball
2-2: Ball
3-2: Strikes out swinging
Batting: RHB Michael Williams 0-0: Ball
1-0: Ball
2-0: Called Strike
2-1: Foul Ball, location: 2F
2-2: Grounds into double play, 6-4-3 (Groundball, 6, EV 100.0 MPH)
Top of the 8th over - 0 runs, 0 hits, 0 errors, 0 left on base; Waterloo 2 - Decatur 2
BOTTOM OF THE 8TH
Decatur Commodores batting - Pitching for Waterloo Hawks : RHP Albert Arrieta
Batting: SHB Daniel Wieser 0-0: Foul Ball, location: 2F
0-1: Fly out, F7 (Line Drive, 7D, EV 96.9 MPH)
Batting: LHB David Showalter 0-0: Ball
1-0: Called Strike
1-1: Ground out 4-3 (Groundball, 4, EV 96.9 MPH)
Batting: SHB Rondin Johnson 0-0: Ball
1-0: Ground out 5-3 (Groundball, 15, EV 79.4 MPH)
Bottom of the 8th over - 0 runs, 0 hits, 0 errors, 0 left on base; Waterloo 2 - Decatur 2
TOP OF THE 9TH
Waterloo Hawks batting - Pitching for Decatur Commodores : RHP Ty Hubbard
Pitching: RHP Luis Guzman
Batting: RHB Kean Rich 0-0: Ground out 4-3 (Groundball, 4M, EV 110.6 MPH)
Pinch Hitting: LHB Bruce Humphrey 0-0: Called Strike
0-1: Foul Ball, location: 2F
0-2: Ball
1-2: Ball
2-2: Ball
3-2: SINGLE (Groundball, 6MD, EV 106.9 MPH)
Batting: RHB Edward Irvine 0-0: Swinging Strike
0-1: Ball
1-1: Foul Ball, location: 2F
1-2: Strikes out swinging
Batting: RHB Mark Sheehy 0-0: Ball
1-0: Foul Ball, location: 2F
1-1: SINGLE (Line Drive, 6M, EV 102.5 MPH)
Bruce Humphrey to second
Pinch Runner at 2nd Nelson Liriano:
Batting: RHB Carmelo Aguayo 0-0: Ball
1-0: Ball
2-0: Ball
3-0: Base on Balls
Nelson Liriano to third
Mark Sheehy to second
Batting: RHB Jay Loviglio 0-0: Called Strike
0-1: Ball
1-1: SINGLE (Line Drive, 6D, EV 93.8 MPH)
Nelson Liriano scores
Mark Sheehy to third
Carmelo Aguayo to second
Runner from 3rd tries for Home, throw by CF and OUT! 8-2
Top of the 9th over - 1 run, 3 hits, 0 errors, 2 left on base; Waterloo 3 - Decatur 2
BOTTOM OF THE 9TH
Decatur Commodores batting - Pitching for Waterloo Hawks : RHP Albert Arrieta
Now in CF: Daniel Keck
Batting: LHB Jerry Miller 0-0: Ground out 6-3 (Groundball, 6, EV 88.8 MPH)
Batting: RHB Clifton Wilder 0-0: Ground out 6-3 (Groundball, 6M, EV 92.5 MPH)
Batting: LHB Samuel Taves 0-0: Ball
1-0: Ball
2-0: Ball
3-0: Base on Balls
Batting: RHB Rex Farrior 0-0: Ball
1-0: Called Strike
1-1: Ground out 2-3 (Groundball, 15S, EV 68.1 MPH)
Bottom of the 9th over - 0 runs, 0 hits, 0 errors, 1 left on base; Waterloo 3 - Decatur 2
Thursday, August 13th, 2020 - OOTP Baseball 21.5 Build 76